 Dungeon Crawl Stone Soup version 0.31-a0-1074-g0b22e4e0f1 (webtiles) character file.

Game seed: 6844458321577299991

129 BigPumpCobain the Covered (level 4, -4/41 HPs)
             Began as a Minotaur Fighter on Dec 7, 2023.
             Slain by Duvessa
             ... wielding a +0 short sword
              (8 damage)
             ... on level 6 of the Dungeon.
             The game lasted 00:02:57 (1546 turns).

BigPumpCobain the Covered (Minotaur Fighter)        Turns: 1546, Time: 00:02:58

Health: -4/41      AC:  7    Str: 23    XL:     4   Next: 88%
Magic:  3/3        EV:  9    Int:  5    God:
Gold:   104        SH:  4    Dex:  9    Spells: 3/3 levels left

rFire   . . .        n - +3 war axe
rCold   . . .        c - +0 buckler
rNeg    . . .        b - +0 scale mail
rPois   .            (helmet restricted)
rElec   .            (no cloak)
rCorr   .            (no gloves)
SInv    .            (no boots)
Will    .....        (no amulet) Stlth
                     (no ring)
HPRegen 0.26/turn    (no ring)
MPRegen 0.08/turn

%: no passive effects
@: mighty
A: horns 2, retaliatory headbutt
a: no special abilities


You were on level 6 of the Dungeon.
You visited 1 branch of the dungeon, and saw 4 of its levels.

You collected 104 gold pieces.

Inventory:

Hand Weapons
 h - a +0 short sword of draining
 n - a +3 war axe (weapon)
Missiles
 m - 4 poisoned darts (quivered)
Armour
 b - a +0 scale mail (worn)
 c - a +0 buckler (worn)
Jewellery
 f - an amulet of faith
Scrolls
 a - 2 scrolls of butterflies {unknown}
 e - a scroll of teleportation {unknown}
 g - a scroll of vulnerability {unknown}
 j - a scroll of poison {unknown}
 l - 2 scrolls of identify
Potions
 d - a potion of might
 i - a potion of berserk rage {unknown}
 k - a potion of haste {unknown}
 o - a potion of magic {unknown}


   Skills:
 + Level 4.4 Fighting
 * Level 4.3 Axes
 + Level 4.4 Armour
 + Level 4.4 Shields


You had 3 spell levels left.
You didn't know any spells.
Your spell library contained the following spells:

 Spells                   Type           Power      Damage    Failure   Level
 Summon Small Mammal      Summ           0%         N/A       83%         1
 Call Canine Familiar     Summ           0%         N/A       99%         3
 Summon Guardian Golem    Hex/Summ       0%         N/A       99%         3


Dungeon Overview and Level Annotations

Branches:
Dungeon (3/15)

Altars:

Annotations:
D:6 Dowan, Duvessa


Innate Abilities, Weirdness & Mutations

You have a pair of horns on your head.
You reflexively headbutt those who attack you in melee.


Message History

You are too injured to fight recklessly!
You are too injured to fight recklessly!
You are too injured to fight recklessly!
You are too injured to fight recklessly!
You are too injured to fight recklessly!
You are too injured to fight recklessly!
You are too injured to fight recklessly!
You are too injured to fight recklessly!
You are too injured to fight recklessly!
You are too injured to fight recklessly!
You are too injured to fight recklessly!
You are too injured to fight recklessly!
You are too injured to fight recklessly!
You are too injured to fight recklessly!
You are too injured to fight recklessly!
You are too injured to fight recklessly!
You are too injured to fight recklessly!
You are too injured to fight recklessly!
You slash the iguana! You headbutt the iguana.
You kill the iguana!
You barely miss something. You slash the iguana! The iguana bites you!
* * * LOW HITPOINT WARNING * * *
Something hits you.
* * * LOW HITPOINT WARNING * * *
Duvessa barely misses you.
You slash Duvessa! You headbutt Duvessa.
Duvessa is heavily wounded.
You barely miss the iguana. You hit something. You block Duvessa's attack.
The iguana misses you.
You hear some strange, mumbled words.
Something tries to affect you, but you resist.
Duvessa hits you but does no damage.
You slash Duvessa! Your headbutt misses Duvessa.
Duvessa is severely wounded.
You barely miss something. You closely miss the iguana.
Duvessa barely misses you. The iguana barely misses you.
You hear some strange, mumbled words.
Something tries to affect you, but you resist.
Duvessa hits you with a +0 short sword!
You die...

##.> #..# #..# #.
#..# #..#######..#
#....$......#
#..........##
#.....el....#####
......ooe@.......##
.o<....#######....#
.....## ####.##
....# ##.# #... #.#
##. #.## ##..#
#...### #.....###


You could see Duvessa (fast), Dowan, an iguana and 2 orcs.

Vanquished Creatures
  2 iguanas
  2 adders
  2 worms (D:3)
  2 ball pythons (D:3)
  4 endoplasms
  A giant cockroach (D:2)
  4 goblins (D:1)
  8 hobgoblins
  4 jackals (D:1)
  2 quokkas
  4 bats
  10 frilled lizards
  5 kobolds
  5 rats
55 creatures vanquished.

Notes
Turn   | Place    | Note
-------+----------+-------------------------------------------
     0 | D:1      | BigPumpCobain the Minotaur Fighter began the quest for the
                  | Orb.
     0 | D:1      | Reached XP level 1. HP: 19/19 MP: 0/0
   224 | D:1      | Reached XP level 2. HP: 27/27 MP: 1/1
   378 | D:1      | Found a faded altar of an unknown god.
   616 | D:1      | Reached XP level 3. HP: 33/33 MP: 2/2
  1198 | D:2      | Reached XP level 4. HP: 40/40 MP: 3/3
  1466 | D:3      | You fall into a shaft and drop 3 floors!
  1537 | D:6      | Noticed Duvessa
  1540 | D:6      | Noticed Dowan
  1546 | D:6      | Slain by Duvessa

Illustrated notes

Levels and vault maps discovered:
D:1:      wander_arrival_chamber, layout_loops_ring,
          ebering_ecumenical_altar_webs, serial_park_tiny_2
D:2:      layout_loops_cross
D:3:      layout_loops_ring, hangedman_decor_slide_cut, serial_bayou_pond_c
D:6:      layout_layer_cave, hangedman_glass_teeth, uniq_prince_ribbit1,
          uniq_duvessa

Skill      XL: |  1  2  3  4 |
---------------+-------------+-----
Axes           | 3 4 |  4.3
Armour         | 4 |  4.4
Shields        | 4 |  4.4
Fighting       | 4 |  4.4

Action                     |  1- 3 |  4- 6 || total
---------------------------+-------+-------++-------
  Melee: War axe           |    89 |    30 ||   119
         Headbutt          |     7 |     4 ||    11
    Use: Scroll            |     1 |       ||     1
         Potion            |       |     1 ||     1
 Armour: Scale mail        |    58 |    24 ||    82
  Dodge: Dodged            |    44 |    11 ||    55
  Block: Buckler           |    15 |     5 ||    20

Table legend: (Time is in decaauts)
 A = Elapsed time spent in this place.
 B = Non-inter-level travel time spent in this place.
 C = Inter-level travel time spent in this place.
 D = Time resting spent in this place.
 E = Time spent auto-exploring this place.
 F = Levels seen in this place.
 G = Mean time per level.
                   A        B        C        D        E       F      G
               +--------+--------+--------+--------+--------+-----+--------+
         Total |   1594 |   1545 |     49 |      0 |   1213 |   4 |  398.5 |
       Dungeon |   1594 |   1545 |     49 |      0 |   1213 |   4 |  398.5 |
               +--------+--------+--------+--------+--------+-----+--------+

Top non-repeatable levels by time:
     D:1: 752 daAuts
     D:2: 587 daAuts
     D:3: 173 daAuts
     D:6: 81 daAuts
